 Dungeon Crawl Stone Soup version 0.23.2-1-ga50397a (webtiles) character file.

Game seed: 9092393234854619733

780 Borgoz the Twirler (level 7, -11/44 HPs)
             Began as a Gargoyle Gladiator on May 15, 2019.
             Was an Initiate of Ashenzari.
             Killed from afar by Dowan (27 damage)
             ... with a shard of ice
             ... on level 4 of the Dungeon.
             The game lasted 00:05:19 (3258 turns).

Borgoz the Twirler (Gargoyle Gladiator)             Turns: 3258, Time: 00:05:20

Health: -11/44     AC: 12    Str: 18    XL:     7   Next: 85%
Magic:  7/7        EV: 13    Int:  8    God:    Ashenzari [......]
Gold:   149        SH:  0    Dex: 13    Spells: 6/6 levels left

rFire    . . .     SeeInvis +   a - +2 quarterstaff
rCold    . . .     Gourm    .   (shield currently unavailable)
rNeg     + . .     Faith    .   j - +0 ring mail (curse)
rPois    ∞         Spirit   .   c - +0 helmet
rElec    +         Reflect  .   (no cloak)
rCorr    .         Harm     .   (no gloves)
MR       .....                  (no boots)
Stlth    +.........             (no amulet)
HPRegen  0.14/turn              l - ring of flight
MPRegen  0.10/turn              r - ring of see invisible

@: no status effects
A: negative energy resistance 1, electricity resistance, unbreathing,
petrification resistance, rot immunity, AC +4
a: Curse Item, Renounce Religion, Evoke Flight


You were on level 4 of the Dungeon.
You worshipped Ashenzari.
Ashenzari was noncommittal.
You were not hungry.

You visited 2 branches of the dungeon, and saw 5 of its levels.

You collected 149 gold pieces.

Inventory:

Hand Weapons
 a - a +2 quarterstaff (weapon)
Missiles
 d - 3 throwing nets (quivered)
Armour
 c - a +0 helmet (worn)
 j - a cursed +0 ring mail (worn)
 s - a +0 chain mail
Jewellery
 l - a ring of flight (left hand)
 n - an uncursed amulet of guardian spirit
 r - a ring of see invisible (right hand)
Wands
 b - a wand of digging (5)
Scrolls
 h - 3 scrolls of amnesia
 i - a scroll of teleportation
 p - a scroll of magic mapping
Potions
 q - 2 potions of mutation
Comestibles
 f - 9 rations
 g - 3 chunks of flesh


   Skills:
 * Level 5.0 Fighting
 * Level 5.1 Staves
 - Level 1.7 Throwing
 * Level 4.4 Armour
 * Level 4.2 Dodging


You had 6 spell levels left.
You didn't know any spells.
Your spell library was empty.

Dungeon Overview and Level Annotations

Branches:
Dungeon (4/15)             Temple (1/1) D:4

Altars:
Ashenzari
Cheibriados
Dithmenos
Elyvilon
Fedhas
Gozag
Hepliaklqana
Kikubaaqudgha
Makhleb
Nemelex Xobeh
Okawaru
Ru
Trog
Wu Jian
Xom
Yredelemnul
Zin
The Shining One

Shops:
D:3 *

Annotations:
D:4 Dowan


Innate Abilities, Weirdness & Mutations

You are resistant to torment.
Your stone body is resilient. (AC +4)
You are immune to poison.
You resist negative energy. (rN+)
You are resistant to electric shocks. (rElec)
You can survive without breathing.
You are immune to petrification.
You are immune to rotting.


Message History

You barely miss the kobold zombie.
The kobold zombie is severely damaged.
The kobold zombie hits you but does no damage.
You thump the kobold zombie!
You destroy the kobold zombie!
You sock the kobold skeleton!
You destroy the kobold skeleton!
Dowan barely misses you.
You sock Dowan!
Dowan is moderately wounded.
Dowan hits you but does no damage.
You sock Dowan!
Dowan is almost dead.
Dowan hits you but does no damage. x2
You barely miss Dowan.
Dowan is almost dead.
Dowan casts a spell at you. The shard of ice hits you!!
Ouch! That really hurt!
You die...

.............#
.......#.....##
..............#
..............#
....#.........#
..............#
..............# #.
#........##########
##.......Ze@.......
........##############
...##..#. _ +... (#
#... .. #... .#. #...
.## #... ..


You could see Dowan and an orc skeleton.

Vanquished Creatures
  Sigmund (D:2)
  Menkaure (D:4)
  Duvessa (D:4)
  A phantom (D:4)
  A hound (D:4)
  A centaur skeleton (D:4)
  An iguana (D:4)
  A worker ant (D:4)
  5 adders
  4 gnolls (D:3)
  A white imp (D:4)
  An adder skeleton (D:4)
  A worm (D:4)
  A dart slug (D:4)
  A leopard gecko (D:3)
  7 orcs (D:4)
  5 bats
  6 giant cockroaches
  7 goblins
  8 hobgoblins
  13 jackals
  A ball python (D:1)
  4 frilled lizards
  A goblin skeleton (D:4)
  2 goblin zombies (D:4)
  3 hobgoblin zombies (D:4)
  6 kobolds
  2 kobold skeletons (D:4)
  A kobold zombie (D:4)
  A leopard gecko skeleton (D:4)
  12 rats
101 creatures vanquished.

Notes
Turn   | Place    | Note
-------+----------+-------------------------------------------
     0 | D:1      | Borgoz the Gargoyle Gladiator began the quest for the Orb.
     0 | D:1      | Reached XP level 1. HP: 12/12 MP: 1/1
   290 | D:1      | Reached XP level 2. HP: 18/18 MP: 2/2
   415 | D:1      | Reached skill level 1 in Armour
   435 | D:1      | Reached XP level 3. HP: 17/22 MP: 3/3
   721 | D:2      | Noticed Sigmund
   742 | D:2      | Killed Sigmund
   742 | D:2      | Reached XP level 4. HP: 15/28 MP: 4/4
   742 | D:2      | Reached XP level 5. HP: 17/32 MP: 5/5
  1065 | D:2      | Reached XP level 6. HP: 37/38 MP: 6/6
  1974 | D:3      | Found Zin's Purification Station.
  1987 | D:3      | Found a glowing silver altar of Zin.
  2389 | D:3      | Found a shadowy altar of Dithmenos.
  2551 | D:4      | Found a staircase to the Ecumenical Temple.
  2586 | Temple   | Entered the Ecumenical Temple
  2634 | Temple   | Became a worshipper of Ashenzari the Shackled
  2889 | D:4      | Reached XP level 7. HP: 42/44 MP: 7/7
  2988 | D:4      | Noticed Menkaure
  3003 | D:4      | Killed Menkaure
  3209 | D:4      | Noticed Dowan
  3211 | D:4      | Found a glowing golden altar of the Shining One.
  3211 | D:4      | Noticed Duvessa
  3237 | D:4      | Killed Duvessa
  3237 | D:4      | Reached skill level 5 in Fighting
  3237 | D:4      | Reached skill level 5 in Staves
  3258 | D:4      | Killed from afar by Dowan

Skill      XL: |  1  2  3  4  5  6  7 |
---------------+----------------------+-----
Armour         | 1 2 3 4 |  4.4
Fighting       | 3 4 5 |  5.0
Staves         | 4 5 |  5.1
Dodging        | 3 4 |  4.2
Throwing       | |  1.7

Action                   |  1- 3 |  4- 6 |  7- 9 || total
-------------------------+-------+-------+-------++-------
Melee: Quarterstaff      |    95 |   167 |    96 ||   358
  Use: Scroll            |     1 |     8 |       ||     9
       Potion            |     2 |     1 |     4 ||     7
  Eat: Chunk             |       |     7 |     1 ||     8
Armor: Leather armour    |    39 |     9 |       ||    48
       Skin              |     8 |     3 |       ||    11
       Ring mail         |       |    72 |    29 ||   101
Dodge: Dodged            |    63 |   165 |    62 ||   290
